Map: 2000 Atmospheres LE

Players

Dream

  • Race: Terran Terran

Serral - Winner!

  • Race: Zerg Zerg

VOD

Have the link to the VOD?

Description

Time

  • Played on: Oct. 21, 2021, 9:55 a.m.
  • Length: 12:25
Show
View Real Time Build Order
Export as new Build Order

Dream Terran 

Build Orders: Reaper Expand, Hellion Banshee 

Get SALT Encoding   

  12  0:00  SCV  
  13  0:12  SCV  
  14  0:17  Supply Depot  
  14  0:24  SCV  
  15  0:38  SCV  
  15  0:39  Barracks  
  16  0:43  Refinery  
  16  0:50  SCV  
  17  1:02  SCV  
  18  1:15  SCV  
  19  1:25  Reaper  
  19  1:27  Orbital Command  
  20  1:38  Command Center  
  20  1:49  Supply Depot  
  20  1:53  SCV  
  21  1:57  Marine  
  22  2:02  Factory  
  22  2:05  SCV  
  23  2:15  Marine  
  23  2:16  Refinery  
  23  2:19  SCV  
  25  2:31  SCV  
  26  2:42  Barracks Reactor  
  26  2:43  SCV  
  25  2:47  Hellion  
  27  2:52  Bunker  
  27  2:55  SCV  
  27  2:56  Starport  
  28  3:07  SCV  
  29  3:13  Orbital Command  
  30  3:20  SCV  
  30  3:24  Hellion x2  
  34  3:29  Barracks Tech Lab  
  34  3:32  SCV  
  35  3:39  SCV  
  36  3:42  Supply Depot  
  36  3:44  SCV  
  36  3:48  Hellion x2  
  41  3:51  SCV  
  41  3:53  Banshee  
  45  3:56  SCV, Cloaking Field  
  45  4:03  SCV  
  45  4:08  SCV  
  45  4:09  Supply Depot, Hellion  
  51  4:10  Hellion  
  51  4:15  SCV  
  52  4:20  SCV  
  51  4:27  SCV  
  51  4:28  Barracks Tech Lab  
  52  4:32  SCV  
  52  4:34  Command Center  
  52  4:36  Banshee  
  56  4:40  SCV, Hellion x2  
  56  4:43  Supply Depot  
  61  4:45  SCV  
  61  4:50  Stimpack  
  62  4:59  Barracks  
  62  5:03  Barracks  
  62  5:05  SCV x2  
  64  5:10  Factory Reactor  
  64  5:11  Marine  
  65  5:15  Supply Depot  
  65  5:17  SCV x2  
  65  5:19  Engineering Bay x2  
  67  5:29  SCV x2  
  67  5:30  Marine  
  67  5:34  Starport Reactor  
  70  5:41  Barracks  
  70  5:42  SCV x2, Refinery  
  72  5:43  Barracks, Refinery  
  72  5:48  Marine, Orbital Command  
  73  5:50  Terran Infantry Weapons Level 1  
  73  5:53  Marine x2  
  73  5:56  Marine  
  73  5:57  Marine  
  76  6:00  SCV x2  
  77  6:06  Marine  
  77  6:11  Siege Tank  
  81  6:12  SCV x2, Orbital Command  
  81  6:15  Marine x2  
  81  6:16  Marine  
  86  6:20  Marine  
  86  6:22  Medivac x2  
  86  6:24  Supply Depot  
  91  6:26  Supply Depot  
  91  6:29  Supply Depot  
  91  6:31  SCV x2  
  91  6:32  Combat Shield  
  93  6:40  Barracks Reactor x2  
  93  6:42  Terran Infantry Armor Level 1  
  93  6:46  Marine x4, SCV x3  
  100  6:53  Armory  
  100  6:55  Marine, Supply Depot  
  100  6:58  SCV x2  
  103  7:02  Medivac x2  
  103  7:03  Marine  
  103  7:07  SCV  
  109  7:09  Marine x2, Refinery  
  109  7:10  SCV  
  109  7:11  Marine  
  109  7:12  Supply Depot  
  109  7:15  Supply Depot  
  113  7:17  Siege Tank  
  113  7:19  Supply Depot, SCV x2  
  113  7:22  Marine x2  
  118  7:26  Marine  
  118  7:28  SCV  
  118  7:31  Marine x2, SCV  
  118  7:35  Missile Turret  
  119  7:37  Missile Turret  
  119  7:39  SCV  
  119  7:42  Marine x4  
  119  7:49  Marine  
  119  7:50  Marine  
  118  7:55  Marine x2  
  118  7:56  Marine, Missile Turret  
  111  7:58  SCV  
  111  8:00  Marine x4, SCV  
  111  8:04  SCV  
  112  8:07  Marine x2  
  112  8:10  SCV  
  112  8:12  SCV  
  113  8:16  Marine x3  
  113  8:18  Marine  
  113  8:19  SCV  
  118  8:20  Terran Infantry Weapons Level 2  
  118  8:23  Marine x3, SCV  
  118  8:24  Supply Depot  
  122  8:28  Marine x2  
  124  8:35  Marine x3  
  124  8:36  Marine  
  124  8:41  Marine x2  
  129  8:44  Marine  
  129  8:45  Terran Infantry Armor Level 2, Refinery  
  129  8:46  Marine x2  
  127  8:49  Siege Tank, Medivac x2  
  127  8:52  Refinery  
  127  8:53  Marine  
  127  8:54  Marine x3  
  138  8:57  Sensor Tower  
  138  8:58  Marine  
  138  8:59  Marine  
  138  9:02  Marine  
  141  9:03  Supply Depot  
  141  9:05  Supply Depot  
  141  9:13  Supply Depot, Terran Vehicle Weapons Level 1  
  141  9:14  Supply Depot  
  141  9:24  Marine x6, Medivac  
  141  9:27  Marine x3, Medivac  
  154  9:38  Bunker  
  154  9:41  Supply Depot  
  154  9:42  Marine x6  
  154  9:43  Siege Tank  
  163  9:47  Factory, Supply Depot  
  163  9:51  Marine x2  
  163  9:52  Marine  
  162  10:00  Marine x2  
  162  10:01  Starport Reactor  
  162  10:02  Marine  
  162  10:04  Marine x3  
  151  10:09  Marine  
  151  10:11  Marine, SCV x3  
  151  10:12  Marine  
  153  10:17  Missile Turret, Sensor Tower  
  153  10:18  Siege Tank  
  156  10:24  Marine  
  156  10:25  Marine  
  156  10:26  Marine x2  
  160  10:28  Marine  
  160  10:29  Marine  
  160  10:30  Marine  
  160  10:32  Marine x2  
  164  10:39  Medivac  
  164  10:42  Marine x2  
  128  10:44  Marine  
  128  10:45  Marine  
  128  10:49  Marine x2  
  127  10:53  Marine  
  127  10:54  Marine x2  
  130  11:00  Marine x2  
  130  11:02  Marine  
  133  11:06  Marine x2, Siege Tank  
  138  11:18  Marine x2  
  138  11:19  Marine x4  
  138  11:22  Marine  
  138  11:24  Marine x2  
  147  11:32  Medivac x2  
  151  11:36  Marine x4  
  151  11:37  Missile Turret  
  135  11:43  Marine x3  
  135  11:44  Marine x2  
  132  11:54  Marine x4  
  136  12:01  Marine x3  
  136  12:02  Marine x2  
  141  12:10  Factory Reactor  
  150  12:17  Command Center  
Show
View Real Time Build Order
Export as new Build Order

Serral Zerg - Winner!

Build Orders: Pool First 

Get SALT Encoding   

  12  0:00  Drone  
  13  0:13  Overlord  
  13  0:17  Drone  
  14  0:32  Drone x2  
  16  0:40  Spawning Pool  
  15  0:44  Drone  
  16  0:50  Drone  
  17  1:09  Hatchery  
  16  1:12  Drone  
  17  1:27  Zergling x4  
  17  1:29  Zergling x2  
  17  1:31  Queen  
  22  1:34  Extractor  
  21  1:40  Overlord  
  21  1:55  Drone  
  22  2:03  Drone  
  22  2:06  Queen  
  25  2:12  Drone  
  26  2:22  Queen  
  26  2:23  Drone x2  
  30  2:33  Drone  
  30  2:34  Drone  
  31  2:41  Metabolic Boost  
  31  2:43  Drone x3  
  32  2:44  Drone  
  32  2:49  Overlord  
  33  2:53  Drone  
  34  3:01  Drone  
  35  3:09  Hatchery  
  35  3:12  Drone  
  35  3:15  Drone  
  35  3:17  Overlord  
  36  3:20  Drone  
  36  3:21  Drone  
  36  3:24  Drone  
  39  3:28  Drone x2  
  39  3:32  Queen  
  43  3:38  Queen  
  45  3:41  Overlord  
  45  3:45  Drone  
  45  3:47  Zergling x4  
  48  3:53  Zergling x8  
  52  4:00  Overlord  
  52  4:05  Zergling x4  
  52  4:09  Zergling x2  
  55  4:11  Drone x2  
  56  4:17  Drone  
  56  4:18  Drone  
  56  4:20  Drone, Overlord  
  56  4:21  Drone x2  
  56  4:23  Lair  
  61  4:28  Queen  
  63  4:32  Extractor  
  63  4:37  Drone x3, Baneling Nest  
  64  4:39  Spore Crawler  
  64  4:41  Spore Crawler  
  64  4:43  Spore Crawler  
  64  4:44  Drone  
  62  4:49  Queen  
  62  4:50  Drone  
  62  4:52  Drone  
  66  4:54  Drone  
  66  4:56  Zergling x2  
  66  4:58  Overlord  
  66  4:59  Drone  
  69  5:02  Drone  
  69  5:03  Drone  
  69  5:05  Drone  
  69  5:06  Drone  
  73  5:07  Drone  
  74  5:14  Extractor  
  74  5:15  Drone, Extractor  
  74  5:16  Drone  
  73  5:22  Zergling x2  
  73  5:24  Drone x7  
  81  5:32  Overseer  
  81  5:35  Spire, Baneling x2  
  81  5:36  Drone x2  
  81  5:39  Drone, Extractor  
  81  5:40  Extractor  
  81  5:41  Overseer  
  81  5:43  Drone  
  81  5:45  Overlord  
  81  5:49  Overlord x2  
  82  5:51  Overlord  
  82  5:57  Overlord  
  82  6:03  Overlord  
  82  6:05  Drone  
  82  6:06  Drone x7  
  82  6:10  Drone  
  91  6:14  Drone x2  
  91  6:18  Centrifugal Hooks  
  93  6:21  Drone  
  93  6:23  Overlord  
  93  6:26  Overlord  
  91  6:44  Hatchery  
  91  6:45  Drone x2  
  91  6:52  Mutalisk x8  
  107  6:59  Mutalisk  
  109  7:02  Zergling x12  
  109  7:08  Zergling x2  
  116  7:16  Mutalisk x3, Hatchery  
  116  7:21  Baneling x3  
  116  7:22  Baneling  
  121  7:25  Zergling x6  
  121  7:26  Zergling x4  
  118  7:31  Baneling x6  
  118  7:34  Zergling x10  
  123  7:38  Overlord  
  123  7:41  Zergling x2  
  124  7:50  Mutalisk x3  
  127  7:55  Drone x5, Evolution Chamber x2  
  130  8:03  Drone  
  130  8:04  Drone x5  
  136  8:07  Zerg Flyer Weapons Level 1  
  136  8:10  Drone  
  136  8:11  Drone  
  138  8:13  Overlord  
  138  8:14  Overlord  
  138  8:21  Zerg Melee Weapons Level 1  
  138  8:22  Mutalisk x2, Zerg Ground Armor Level 1  
  138  8:26  Zergling x10  
  147  8:31  Pneumatized Carapace  
  147  8:41  Mutalisk x2  
  147  8:43  Overlord  
  147  8:44  Zergling x14  
  147  8:47  Zergling x4  
  160  8:54  Drone, Extractor  
  160  8:55  Drone x2  
  162  8:57  Hatchery  
  161  9:04  Overlord x2  
  161  9:05  Zergling x10  
  161  9:06  Zergling x4  
  161  9:09  Mutalisk x3  
  172  9:13  Zergling x2  
  172  9:14  Zergling x4  
  177  9:18  Burrow  
  177  9:26  Zergling x18  
  186  9:36  Drone x8, Infestation Pit  
  186  9:38  Baneling x14  
  193  9:41  Overseer  
  193  9:44  Zergling x2  
  193  9:45  Zergling x8  
  198  9:49  Zergling x2  
  198  9:50  Zergling x2  
  198  9:56  Zergling x2  
  199  10:03  Zerg Flyer Weapons Level 2  
  199  10:07  Zergling x12  
  199  10:16  Hive  
  199  10:18  Baneling x8  
  199  10:21  Queen  
  199  10:31  Baneling x8  
  199  10:32  Baneling x5  
  199  10:33  Hatchery  
  198  10:42  Mutalisk x3  
  182  10:54  Zergling x30  
  197  11:09  Baneling x11  
  197  11:10  Overlord x2  
  197  11:13  Overlord  
  197  11:16  Zergling x10  
  197  11:18  Overlord  
  197  11:22  Baneling x3  
  197  11:23  Baneling x5  
  197  11:32  Zergling x4  
  199  11:35  Baneling x12  
  182  11:42  Zergling x38  
  182  11:43  Zergling x22  
  198  11:50  Baneling x11  
  196  11:56  Zergling x8  
  200  12:02  Baneling x6  
  200  12:11  Baneling x10  
Tags
 
Add a new tag
Caveats
  • Supply blocks, unpowered buildings, or Contaminate may cause inaccurate times.
  • Supply counts are checked every 10 seconds.